 Dungeon Crawl Stone Soup version 0.19-a0-1002-g674d22e (webtiles) character file.

1489 mistymad the Skirmisher (level 9, -8/73 HPs)
             Began as a Formicid Abyssal Knight on July 18, 2016.
             Was a Priest of Lugonu.
             Mangled by a wyvern (11 damage)
             ... on level 7 of the Dungeon.
             The game lasted 00:12:22 (8163 turns).

mistymad the Skirmisher (Formicid Abyssal Knight)   Turns: 8163, Time: 00:12:22

Health: -8/73      AC:  8    Str: 23      XL:     9   Next: 7%
Magic:  10/10      EV: 10    Int: 13      God:    Lugonu [***...]
Gold:   361        SH:  0    Dex:  9 (10) Spells: 0 memorised, 8 levels left

rFire  . . .     SeeInvis +     a - +2 hand axe
rCold  . . .     Gourm    .     h - +1 scale mail
rNeg   . . .     Faith    .     (no shield)
rPois  .         Spirit   .     (helmet unavailable)
rElec  .         Dismiss  .     (no cloak)
rCorr  .         Reflect  .     (no gloves)
SustAt .         Harm     .     (no boots)
MR     .....                    (no amulet)
Stlth  ..........               (no ring)
                                e - +4 ring of strength

@: drained, not resistant to hostile enchantments, extremely unstealthy
A: permanent stasis, dig shafts and tunnels, four strong arms, antennae 3
a: Dig, Shaft Self, Depart the Abyss, Bend Space, Banish, Renounce Religion


You were on level 7 of the Dungeon.
You worshipped Lugonu.
Lugonu was most pleased with you.
You were very hungry.

You visited 2 branches of the dungeon, and saw 8 of its levels.
You visited the Abyss 1 time.

You collected 361 gold pieces.

Inventory:

Hand Weapons
 a - a +2 hand axe (weapon)
Armour
 h - a +1 scale mail (worn)
Jewellery
 e - a +4 ring of strength (left hand)
Scrolls
 d - a scroll of teleportation {unknown}
 j - 4 scrolls of remove curse
 k - 4 scrolls of identify
Potions
 b - a potion of curing {unknown}
 g - 2 potions of ambrosia {unknown}
 n - 3 potions of agility {unknown}
 t - a potion of mutation {unknown}
 u - 2 potions of brilliance {unknown}
Comestibles
 c - 4 bread rations
 f - 2 beef jerkies
 m - a slice of pizza
 o - 2 meat rations
 s - 2 fruits


   Skills:
 + Level 7.7(7.4) Fighting
 + Level 6.4(6.1) Axes
 + Level 6.8(6.6) Armour
 - Level 0.8(0.6) Dodging
 - Level 2.1(1.9) Invocations


You had 8 spell levels left.
You didn't know any spells.

Dungeon Overview and Level Annotations

Branches:
Dungeon (7/15)             Temple (1/1) D:5

Altars:
Ashenzari
Cheibriados
Dithmenos
Elyvilon
Fedhas
Hepliaklqana
Kikubaaqudgha
Nemelex Xobeh
Okawaru
Pakellas
Qazlal
Ru
Sif Muna
Trog
Uskayaw
Vehumet
Xom
Yredelemnul
Zin
The Shining One

Shops:
D:6 =


Innate Abilities, Weirdness & Mutations

You are under a permanent stasis effect.
You can dig through walls and to a lower floor.
Your four strong arms can wield two-handed weapons with a shield.
You have a pair of large antennae on your head. (SInv)


Message History

The wyvern struggles against the net.
You hit the wyvern.
The wyvern is heavily wounded.
The wyvern struggles against the net. x2
You hit the wyvern.
The wyvern is severely wounded.
The wyvern struggles against the net.
The net rips apart, and the wyvern comes free!
You hit the wyvern.
The wyvern is almost dead.
The wyvern barely misses you. The wyvern bites you!
* * * LOW HITPOINT WARNING * * *
You take 13 damage, and have 2/73 hp.
You hit the wyvern but do no damage.
The wyvern is almost dead.
The wyvern completely misses you.
You hit the wyvern.
The wyvern is almost dead.
The wyvern barely misses you. The wyvern bites you!
You die...

......########### ##
....... ........ ...
...... ...... ..####
###.... .... ......
.......####..#### ##..#..
....... ........ ...#..
.......####..#######..#..
#..l@)<..............
#.#.................#
......#..............#
..##.#..#...#########..#
.. #.#..#...# ##.# . .
#..#...# #.. ## ####...#
#.. ....# ######.. ... ..
........


You could see a wyvern.

Vanquished Creatures
  A sky beast (D:4)
  2 ogres
  A centaur (D:6)
  A scorpion (D:5)
  A howler monkey (D:5)
  4 crimson imps
  2 jellies
  A quasit (D:6)
  A centaur zombie (D:6)
  3 hounds
  2 centaur skeletons
  3 orc priests
  An iron imp (D:6)
  4 iguanas
  5 orc wizards
  3 worker ants
  A hound skeleton (D:4)
  7 adders
  3 shadow imps
  2 oozes
  5 worms
  A dart slug (D:2)
  2 giant geckos
  18 orcs
  A ball python (D:2)
  4 giant cockroaches
  11 hobgoblins
  9 jackals
  5 kobolds
  5 quokkas
  6 bats
  A giant newt (D:2)
  6 goblins
  A jackal zombie (D:6)
  12 rats
135 creatures vanquished.

Notes
Turn   | Place    | Note
-------+----------+-------------------------------------------
     0 | Abyss:1  | mistymad the Formicid Abyssal Knight began the quest for the Orb.
     0 | Abyss:1  | Reached XP level 1. HP: 18/18 MP: 2/2
    32 | Abyss:1  | Found a corrupted altar of Lugonu.
   101 | Abyss:1  | Noticed a large abomination
   129 | Abyss:1  | Noticed an iron imp
   130 | Abyss:1  | Noticed a large abomination
   152 | Abyss:1  | Noticed a chaos spawn
   152 | Abyss:1  | Noticed a shadow wraith
   157 | Abyss:1  | Noticed a large abomination
   162 | D:1      | Escaped the Abyss
   644 | D:1      | Reached XP level 2. HP: 15/24 MP: 3/3
   758 | D:1      | Reached * piety under Lugonu
  1337 | D:2      | Reached XP level 3. HP: 29/30 MP: 4/4
  1399 | D:2      | Found a blossoming altar of Fedhas.
  1399 | D:2      | Found a shattered altar of Ashenzari.
  1400 | D:2      | Found a glowing silver altar of Zin.
  1727 | D:2      | Reached skill level 4 in Fighting
  1928 | D:2      | Found a faded altar of an unknown god.
  1936 | D:2      | Reached XP level 4. HP: 29/37 MP: 5/5
  2118 | D:2      | You fall through a shaft!
  2302 | D:2      | Reached XP level 5. HP: 43/43 MP: 6/6
  2911 | D:3      | Reached ** piety under Lugonu
  3732 | D:3      | Reached XP level 6. HP: 19/50 MP: 7/7
  3784 | D:3      | Reached skill level 5 in Fighting
  4557 | D:4      | Noticed a sky beast
  4572 | D:4      | Killed a sky beast
  4572 | D:4      | Reached XP level 7. HP: 21/56 MP: 8/8
  5002 | D:4      | Reached *** piety under Lugonu
  5002 | D:4      | Reached skill level 6 in Fighting
  5348 | D:5      | Entered Level 5 of the Dungeon
  5353 | D:5      | Reached skill level 5 in Armour
  5666 | D:5      | Reached skill level 5 in Axes
  5719 | D:5      | Found a staircase to the Ecumenical Temple.
  5727 | Temple   | Entered the Ecumenical Temple
  5907 | D:5      | Reached XP level 8. HP: 35/65 MP: 9/9
  6694 | D:6      | Found a shadowy altar of Dithmenos.
  6790 | D:6      | Reached skill level 7 in Fighting
  6993 | D:6      | Found Emehi's Jewellery Shoppe.
  7863 | D:6      | Found a snail-covered altar of Cheibriados.
  7873 | D:6      | Reached XP level 9. HP: 57/72 MP: 10/10
  8161 | D:7      | HP: 2/73 [wyvern (13)]
  8163 | D:7      | Mangled by a wyvern

Vault maps used:
D:1:      elethiomel_arrival_maze
D:2:      gammafunk_temple_overflow_claw, ecumenical_altar_2
D:3:      minmay_goblin_kobold_house
D:4:      first_bread
D:6:      slow_altar_2, serial_shops, shop, nicolae_dithmenos_the_darkroom
D:7:      nicolae_gozag_seed_capital
Temple:   eino_temple_rhombus

Skill      XL: |  1  2  3  4  5  6  7  8 |
---------------+-------------------------+-----
Fighting       | 4 5 6 7 |  7.7
Axes           | 3 4 5 6 |  6.4
Armour         | 3 4 5 6 |  6.8
Dodging        | |  0.8
Invocations    | |  2.1

Action                   |  1- 3 |  4- 6 |  7- 9 || total
-------------------------+-------+-------+-------++-------
Melee: Hand axe          |    86 |   255 |   340 ||   681
Throw: Throwing net      |       |       |     1 ||     1
Invok: Depart the Abyss  |     1 |       |       ||     1
 Abil: Dig               |       |     2 |     2 ||     4
  Use: Scroll            |     1 |       |     8 ||     9
  Eat: Chunk             |     3 |     8 |    12 ||    23
Armor: Leather armour    |     3 |       |       ||     3
       Scale mail        |    27 |   110 |   113 ||   250
Dodge: Dodged            |    44 |   156 |   157 ||   357
